 Seeded DCSS version 0.29-a0-841-g116ddc6ace (webtiles) character file.

Game seed: 8897551386731462229 (custom seed)

3264 wilfster70 the Cruncher (level 10, 0/72 HPs)
             Began as a Formicid Fighter on July 14, 2022.
             Was a Believer of Hepliaklqana.
             Slain by a small abomination (13 damage)
             ... on level 1 of the Abyss.
             The game lasted 00:15:40 (6625 turns).

wilfster70 the Cruncher (Formicid Fighter)          Turns: 6625, Time: 00:15:41

Health: 0/72       AC: 28    Str: 21    XL:     10   Next: 19%
Magic:  10/10      EV:  6    Int: 12    God:    Hepliaklqana [**....]
Gold:   502        SH:  5    Dex: 13    Spells: 9/9 levels left

rFire   . . .      SeeInvis +   a - +1 quarterstaff (flame)
rCold   . . .      Faith    .   c - +0 buckler
rNeg    . . .      Spirit   .   f - +0 plate armour
rPois   .          Reflect  .   (helmet unavailable)
rElec   .          Harm     .   q - +0 cloak
rCorr   .          Rampage  .   g - +1 pair of gloves
Will    +....                   h - +2 pair of boots {Fly}
Stlth   ..........              p - amulet of the acrobat
HPRegen 0.22/turn               i - +4 ring of protection
MPRegen 0.12/turn               n - +4 ring of protection

@: flying
A: reduced essence, permanent stasis, dig shafts and tunnels, antennae 3, four
strong arms
a: Dig, Shaft Self, Renounce Religion, Recall Ancestor, Ancestor Identity


You were on level 1 of the Abyss.
You worshipped Hepliaklqana.
Hepliaklqana was pleased with you.
You visited 1 branch of the dungeon, and saw 7 of its levels.
You visited the Abyss 1 time.
You also visited: Ossuary.

You collected 502 gold pieces.

Inventory:

Hand Weapons
 a - a +1 quarterstaff of flaming (weapon)
Missiles
 b - 2 javelins
Armour
 c - a +0 buckler (worn)
 f - a +0 plate armour (worn)
 g - a +1 pair of gloves (worn)
 h - a +2 pair of boots of flying (worn)
 q - a +0 cloak (worn)
Jewellery
 i - a +4 ring of protection (left hand)
 n - a +4 ring of protection (right hand)
 p - an amulet of the acrobat (around neck)
 x - a ring of fire
Wands
 d - a wand of digging (6)
 k - a wand of light (4)
 l - a wand of mindburst (11)
 z - a wand of charming (10)
 B - a wand of roots (2)
 E - a wand of flame (15)
Scrolls
 j - 3 scrolls of poison {unknown}
 o - a scroll of fear {unknown}
 s - 2 scrolls of amnesia
 t - a scroll of immolation {unknown}
 y - a scroll of magic mapping
Potions
 e - 10 potions of curing
 m - a potion of lignification {unknown}
 r - 3 potions of haste {unknown}
 u - a potion of attraction {unknown}
 v - 2 potions of flight {unknown}
 w - 3 potions of mutation {unknown}
 A - a potion of magic {unknown}
 D - 4 potions of resistance
 F - a potion of invisibility
 G - a potion of brilliance


   Skills:
 + Level 7.9 Fighting
 * Level 9.6 Staves
 + Level 7.9 Armour
 - Level 6.5 Shields


You had 9 spell levels left.
You didn't know any spells.
Your spell library contained the following spells:

 Spells                   Type           Power      Damage    Failure   Level
 Apportation              Tloc           0%         N/A       100%        1
 Necrotise                Necr           0%         1d4       100%        1
 Summon Small Mammal      Summ           0%         N/A       100%        1
 Ensorcelled Hibernation  Hex/Ice        0%         N/A       100%        2
 Passwall                 Tmut/Erth      0%         N/A       100%        2
 Swiftness                Air            Unusable   N/A       N/A         3

Dungeon Overview and Level Annotations

Branches:
Dungeon (7/15)             Temple (0/1) D:7         Ossuary (visited)

Altars:
Cheibriados
Fedhas
Gozag
Hepliaklqana
Kikubaaqudgha
Makhleb
Ru
Trog
Xom
The Shining One

Annotations:
D:4 2 transporters, StoneSoupSpirits's ghost, amateur DsCK


Innate Abilities, Weirdness & Mutations

Your life essence is reduced to manifest your ancestor. (-10% HP)
You cannot be hasted, slowed, berserked, paralysed or teleported.
You can dig through walls and to a lower floor.
You have a pair of large antennae on your head. (SInv)
Your four strong arms can wield two-handed weapons with a shield.


Message History

The small abomination is moderately damaged.
The starcursed mass touches you but does no damage.
The small abomination hits you but does no damage.
You sock the starcursed mass! You burn the starcursed mass.
The starcursed mass is almost destroyed.
The starcursed mass shudders and is absorbed by its neighbour.
The starcursed mass touches you but does no damage.
A chorus of shrieks assaults your mind.
* * * LOW HITPOINT WARNING * * *
The small abomination hits you but does no damage.
The starcursed mass touches you but does no damage.
You feel much better.
The starcursed mass completely misses you.
The starcursed mass touches you.
The small abomination hits you but does no damage.
The starcursed mass touches you but does no damage.
You sock the starcursed mass! You burn the starcursed mass.
You destroy the starcursed mass!
You are too injured to fight recklessly!
You are too injured to fight recklessly!
You are too injured to fight recklessly!
You sock the starcursed mass! You burn the starcursed mass.
The starcursed mass is moderately damaged.
The starcursed mass shudders and is absorbed by its neighbour.
The small abomination hits you but does no damage.
The starcursed mass touches you!
* * * LOW HITPOINT WARNING * * *
You hit the small abomination but do no damage.
The small abomination is moderately damaged.
The starcursed mass touches you but does no damage.
The small abomination hits you!
* * * LOW HITPOINT WARNING * * *
You closely miss the small abomination.
The small abomination is moderately damaged.
You block the small abomination's attack.
The starcursed mass barely misses you.
You hit the starcursed mass but do no damage.
The starcursed mass is lightly damaged.
The starcursed mass closely misses you. The small abomination hits you!
You die...

{ .⌠ . . ..... . {
♣{#{..##. . {
{##.#..#...
{##.#.#..#..# ###
.#....#. . #..
#.#........#... #.
#.#..##. ...... .
#.Xx##. .. ## ##.
#..@.###.... . .#.
#.....#.# ##..# .
#..#.##.##..#.#.#.
# ###### ##. ..
.... . . ###..#.#
.. ##.#. ##. .#..
##. # ## . . .


You could see a starcursed mass and a small abomination.

Vanquished Creatures
  Pikel (D:5)
  A starcursed mass (Abyss:1)
  Menkaure (D:7)
  2 ice beasts (D:6)
  2 black bears
  2 ogres
  A phantom (D:6)
  A centaur (D:6)
  An elf zombie (Ossuary)
  Blork the orc (D:5)
  2 kobold brigands (D:6)
  A bullfrog (D:7)
  2 scorpions
  4 wights (D:7)
  2 centaur zombies (Ossuary)
  4 orc priests
  3 hounds (D:5)
  Crazy Yiuf (D:6)
  2 human zombies (Ossuary)
  An iguana (D:5)
  3 orc wizards
  2 mummies (Ossuary)
  7 gnolls (D:3)
  12 adders
  A shadow imp (D:7)
  A white imp (D:5)
  An adder zombie (Ossuary)
  3 worms
  2 dart slugs
  29 orcs
  8 ball pythons
  4 bats
  10 endoplasms
  4 giant cockroaches
  3 goblins
  6 hobgoblins
  4 jackals (D:1)
  21 kobolds
  7 frilled lizards
  2 goblin zombies (Ossuary)
  6 hobgoblin zombies (Ossuary)
  4 kobold zombies (Ossuary)
  8 orc zombies (Ossuary)
  A rat (D:3)
  A rat zombie (Ossuary)
185 creatures vanquished.

Vanquished Creatures (collateral kills)
  A sky beast (D:7)
  An ice beast (D:6)
  A necrophage (D:7)
  A wight (D:7)
  A centaur zombie (Ossuary)
  An iguana (D:7)
  An orc (D:6)
  A goblin zombie (Ossuary)
  A hobgoblin zombie (Ossuary)
  4 kobold zombies (Ossuary)
  2 orc zombies (Ossuary)
15 creatures vanquished.

Vanquished Creatures (others)
  A hexer (D:7)
  An ancestor (D:6)
  A white imp (D:5)
  An orc (D:5)
  A plant (D:2)
5 creatures vanquished.

Grand Total: 205 creatures vanquished

Notes
Turn   | Place    | Note
-------+----------+-------------------------------------------
     0 | D:1      | wilfster70 the Formicid Fighter began the quest for the
                  | Orb.
     0 | D:1      | Reached XP level 1. HP: 18/18 MP: 1/1
   126 | D:1      | Reached XP level 2. HP: 22/24 MP: 2/2
   397 | D:1      | Identified a scroll of acquirement
   397 | D:1      | Acquired a +1 pair of boots of flying
   511 | D:1      | Reached XP level 3. HP: 26/26 MP: 3/3
   674 | D:1      | Acquired a +4 ring of protection
   761 | D:2      | Found a faded altar of an unknown god.
  1094 | D:2      | Reached XP level 4. HP: 35/37 MP: 4/4
  1097 | D:2      | Reached skill level 3 in Staves
  1626 | D:3      | Reached XP level 5. HP: 35/42 MP: 5/5
  1971 | D:3      | Reached skill level 5 in Shields
  2212 | D:3      | Found a bloodstained altar of Trog.
  2221 | D:3      | Reached XP level 6. HP: 48/48 MP: 6/6
  2268 | D:3      | Reached skill level 4 in Staves
  2715 | D:3      | Found a shimmering altar of Xom.
  2866 | D:4      | Found a burning altar of Makhleb.
  2990 | D:4      | Found a hazy altar of Hepliaklqana.
  2990 | D:4      | Found an ancient bone altar of Kikubaaqudgha.
  3030 | D:4      | Became a worshipper of Hepliaklqana the Forgotten
  3297 | D:4      | Reached XP level 7. HP: 54/55 MP: 7/7
  3300 | D:4      | Found an opulent altar of Gozag.
  3346 | D:4      | You are sucked into a shaft and drop 1 floor!
  3346 | D:5      | Entered Level 5 of the Dungeon
  3499 | D:5      | Noticed Pikel
  3522 | D:5      | Killed Pikel
  3523 | D:5      | Reached skill level 5 in Fighting
  3523 | D:5      | Reached skill level 5 in Staves
  3523 | D:5      | Reached skill level 5 in Armour
  3523 | D:5      | Reached XP level 8. HP: 58/63 MP: 8/8
  3575 | D:5      | Reached skill level 6 in Staves
  3926 | D:5      | Reached * piety under Hepliaklqana
  3998 | D:4      | Found a transporter.
  4003 | D:4      | Noticed StoneSoupSpirits's ghost (amateur DsCK)
  4004 | D:4      | Found a transporter.
  4091 | D:4      | Found a blossoming altar of Fedhas.
  4091 | D:4      | Found a snail-covered altar of Cheibriados.
  4469 | D:5      | Noticed Blork the orc
  4474 | D:5      | Killed Blork the orc
  4695 | D:6      | Found a glowing golden altar of the Shining One.
  4695 | D:6      | Found a sacrificial altar of Ru.
  4704 | D:6      | Reached skill level 7 in Staves
  4706 | D:6      | Reached XP level 9. HP: 62/62 MP: 9/9
  5270 | D:6      | Found a runed translucent door.
  5271 | D:6      | Noticed Crazy Yiuf
  5281 | D:6      | Killed Crazy Yiuf
  5373 | D:6      | Reached skill level 8 in Staves
  5595 | D:6      | Reached ** piety under Hepliaklqana
  5596 | D:6      | Remembered your ancestor MollyMoo as a hexer
  5830 | D:7      | Noticed Menkaure
  5842 | D:7      | Killed Menkaure
  5856 | D:7      | Found a sand-covered staircase.
  5867 | Ossuary  | Entered an ossuary
  6178 | D:7      | Reached skill level 9 in Staves
  6181 | D:7      | Found a staircase to the Ecumenical Temple.
  6258 | D:7      | Reached XP level 10. HP: 69/71 MP: 10/10
  6569 | Abyss:1  | Cast into level 1 of the Abyss (kobold)
  6598 | Abyss:1  | Noticed a starcursed mass
  6619 | Abyss:1  | HP: 2/72 [starcursed mass/accursed screaming (9)]
  6621 | Abyss:1  | Killed a starcursed mass
  6625 | Abyss:1  | Slain by a small abomination

Illustrated notes

Levels and vault maps discovered:
D:1:      lemuel_arrival_behind_the_door_large, layout_basic, minivault_24,
          dreamdust_wishing_well, moated_statue, minmay_hedge_maze
D:2:      layout_basic, dreamdust_ecumenical_altar_grove, eino_tiny_chamber,
          minmay_joined_circles
D:3:      layout_loops_ring, bloody_trog, mainiacjoe_overflow_tiny_flanked,
          minmay_fractal_squares_gapless_5
D:4:      layout_basic, bloody_makhleb, lemuel_crystal_altar,
          gammafunk_temple_overflow_pools, grunt_temple_overflow_open,
          gammafunk_ghost_mausoleum
D:5:      layout_cave_pools, minmay_misc_feat_x, uniq_blork_the_orc, uniq_pikel
D:6:      layout_basic, mainiacjoe_overflow_catch_the_wave,
          minmay_misc_feat_pillars, minivault_24, uniq_crazy_yiuf_cottage
D:7:      layout_rooms, nicolae_yredelemnul_ghost_church,
          minmay_temple_entry_ruins, chequers_ossuary_entry_cave,
          corexii_corridor_pit, uniq_menkaure
Abyss:1:  base: D:1, base: D:1, spicy_abyss_planar_alliance

Skill      XL: |  1  2  3  4  5  6  7  8  9 |
---------------+----------------------------+-----
Staves         | 3 4 5 7 9 |  9.6
Armour         | 4 5 6 7 |  7.9
Fighting       | 4 5 6 7 |  7.9
Shields        | 5 6 |  6.5

Action                   |  1- 3 |  4- 6 |  7- 9 | 10-12 || total
-------------------------+-------+-------+-------+-------++-------
Melee: Quarterstaff      |    76 |   204 |   321 |    37 ||   638
Invok: Ancestor Identity |       |       |     1 |       ||     1
       Ancestor Life: He |       |       |     1 |       ||     1
 Abil: Dig               |     2 |     2 |       |       ||     4
  Use: Scroll            |     2 |       |    18 |       ||    20
       Potion            |       |     1 |       |     1 ||     2
 Stab: Distracted        |       |       |     3 |     1 ||     4
       Confused          |       |       |     1 |       ||     1
Armor: Plate armour      |    60 |   115 |   180 |    25 ||   380
Dodge: Dodged            |    21 |    81 |   102 |    16 ||   220
Block: Buckler           |    26 |    44 |    82 |     3 ||   155

Table legend: (Time is in decaauts)
 A = Elapsed time spent in this place.
 B = Non-inter-level travel time spent in this place.
 C = Inter-level travel time spent in this place.
 D = Time resting spent in this place.
 E = Time spent auto-exploring this place.
 F = Levels seen in this place.
 G = Mean time per level.
                   A        B        C        D        E       F      G
               +--------+--------+--------+--------+--------+-----+--------+
         Total |   6650 |   6493 |    157 |   1558 |   2578 |   9 |  738.9 |
       Dungeon |   6318 |   6161 |    157 |   1505 |   2520 |   7 |  902.6 |
         Abyss |     54 |     54 |      0 |      0 |      0 |   1 |   54.0 |
       Ossuary |    278 |    278 |      0 |     53 |     58 |   1 |  278.0 |
               +--------+--------+--------+--------+--------+-----+--------+

Top non-repeatable levels by time:
     D:3: 1278 daAuts
     D:6: 1153 daAuts
     D:5: 942 daAuts
     D:2: 915 daAuts
     D:4: 869 daAuts
     D:1: 707 daAuts
     D:7: 451 daAuts
 Ossuary: 278 daAuts
 Abyss:1: 54 daAuts
